 Dungeon Crawl Stone Soup version 0.31-a0-1029-ge8c24b2130 (webtiles) character file.

Game seed: 12360869614841922588

4788 Armakuni the Cruncher (level 10, 0/72 HPs)
             Began as a Human Shapeshifter on Nov 18, 2023.
             Was a Follower of Vehumet.
             Succumbed to a cane toad's poison
             ... on level 1 of the Lair of Beasts.
             The game lasted 00:23:20 (9236 turns).

Armakuni the Cruncher (Human Shapeshifter)          Turns: 9236, Time: 00:23:20

Health: 0/72       AC:  7    Str: 17    XL:     10   Next: 76%
Magic:  28/28      EV: 11    Int: 20    God:    Vehumet [*.....]
Gold:   305        SH:  0    Dex: 16    Spells: 3/9 levels left

rFire   + . .        a - +8 mace of the Iron City of Dis {freeze, rF+ rN+ MP+9 Str+3}
rCold   . . .        (no shield)
rNeg    + . .        b - +0 swamp dragon scales
rPois   +            i - melded +2 hat
rElec   .            (cloak currently unavailable)
rCorr   .            g - melded +0 pair of gloves
SInv    .            (boots currently unavailable)
Will    .....        (no amulet)
Stlth   +            I - +6 ring of intelligence
HPRegen 0.32/turn    P - ring of magical power
MPRegen 0.21/turn

%: no passive effects
@: lethally poisoned (0 -> -3), beast-form
A: beast (slay +2), agile 1, passive freeze, noise suppression
a: Begin Untransformation, Renounce Religion


You were on level 1 of the Lair of Beasts.
You worshipped Vehumet.
Vehumet was aware of your devotion.
You were a hulking beast.
You visited 3 branches of the dungeon, and saw 10 of its levels.

You collected 305 gold pieces.

Inventory:

Hand Weapons
 a - the +8 mace of the Iron City of Dis (weapon) {freeze, rF+ rN+ MP+9 Str+3}
   (You found it on level 8 of the Dungeon)

   Str+3:     It affects your strength (+3).
   rF+:       It protects you from fire.
   rN+:       It protects you from negative energy.
   MP+9:      It affects your magic capacity (+9).
 f - a +0 sling
 n - a +1 quarterstaff
Missiles
 o - 2 throwing nets (quivered)
Armour
 b - +0 swamp dragon scales (worn)
 g - a +0 pair of gloves (melded)
 i - a +2 hat (melded)
Jewellery
 F - a ring of protection from fire
 I - a +6 ring of intelligence (left hand)
 J - a ring of ice
 P - a ring of magical power (right hand)
Talismans
 c - a beast talisman (active)
Wands
 j - a wand of iceblast (4)
 k - a wand of digging (5)
 m - a wand of polymorph (3)
 p - a wand of paralysis (7)
 v - a wand of flame (32)
Scrolls
 e - 2 scrolls of revelation
 h - 2 scrolls of poison
 l - a scroll of teleportation
 t - a scroll of vulnerability
 x - a scroll of identify
Potions
 d - 3 potions of brilliance
 q - 3 potions of enlightenment
 y - 2 potions of cancellation
 X - 2 potions of mutation


   Skills:
 + Level 4.3 Fighting
 - Level 14.0 Staves
 - Level 2.0 Dodging
 - Level 3.0 Unarmed Combat
 - Level 3.9 Shapeshifting


You had 3 spell levels left.
You knew the following spells:

 Your Spells              Type           Power      Damage    Failure   Level
m - Iskenderun's Mystic   Conj/Tloc      0%         2d3       98%         4
z - Searing Ray           Conj           0%         2d4       47%         2

Your spell library contained the following spells:

 Spells                   Type           Power      Damage    Failure   Level
 Freeze                   Ice            0%         1d3       34%         1
 Magic Dart               Conj           0%         1d3       34%         1
 Slow                     Hex            0%         N/A       34%         1
 Poisonous Vapours        Pois/Air       0%         N/A       47%         2
 Confusing Touch          Hex            0%         N/A       71%         3
 Mephitic Cloud           Conj/Pois/Air  0%         N/A       71%         3
 Sigil of Binding         Hex            0%         N/A       71%         3
 Vampiric Draining        Necr           0%         2d6       71%         3
 Volatile Blastmotes      Fire/Tloc      0%         2d10      71%         3
 Fulminant Prism          Conj/Hex       0%         3d5       98%         4
 Freezing Cloud           Conj/Ice/Air   0%         6-21      100%        5


Dungeon Overview and Level Annotations

Branches:
Dungeon (8/15)             Temple (1/1) D:6            Lair (1/5) D:8

Altars:
Ashenzari
Cheibriados
Dithmenos
Elyvilon
Fedhas
Gozag
Hepliaklqana
Kikubaaqudgha
Makhleb
Okawaru
Qazlal
Ru
Sif Muna
Trog
Uskayaw
Vehumet
Wu Jian
Xom
Yredelemnul
Zin
The Shining One

Shops:
D:3 =   D:5 *


Innate Abilities, Weirdness & Mutations

You are a hulking beast.
Your limbs bulge with bestial killing power. (Slay +2)
You are agile. (Dex +4, Str/Int -1)
A frigid envelope surrounds you and freezes all who hurt you.
You passively dampen the noise of your surroundings.


Message History

The cane toad stings you.
The cane toad is very cold.
The cane toad seems to slow down.
The cane toad is moderately wounded.
There is a staircase back to the Dungeon here.
As you read the scroll of teleportation, it crumbles to dust.
You feel strangely unstable. The cane toad stings you.
You are poisoned.
The cane toad poisons you!
The cane toad is very cold.
The cane toad seems to slow down.
The cane toad is lightly wounded.
You feel very sick.
The cane toad attacks as it pursues you!
The cane toad stings you!
The cane toad is very cold.
The cane toad seems to slow down.
The cane toad is moderately wounded.
A rime drake comes into view.
You feel very sick.
The rime drake hisses angrily.
The rime drake breathes ice at you. The icy flash freeze hits you!!
* * * LOW HITPOINT WARNING * * *
You are encased in ice.
The cane toad attacks as it pursues you!
The cane toad misses you.
* * * LOW HITPOINT WARNING * * *
You feel very sick.
The cane toad attacks as it pursues you!
The cane toad barely misses you.
Okay, then.
Your surroundings suddenly seem different.
The ice encasing you melts away.
* * * LOW HITPOINT WARNING * * *
You feel very sick.
Okay, then.
Unknown command.
* * * LOW HITPOINT WARNING * * *
You feel sick.
* * * LOW HITPOINT WARNING * * *
You feel sick.
You die...

...# .... ...#
#..# . ## #..#
.. #..# ##..##
...
..#..#....#....
.......h.......
...#P##..#.###.
#..# #..#
#........#
...PPPPP...
.....P♣♣♣P..#
.......P♣ P..#
#.#.##.P♣ ..#


There were no monsters in sight!

Vanquished Creatures
  A two-headed ogre (D:7)
  Maggie (D:8)
  A rime drake (D:8)
  A shadow (D:6)
  2 steam dragons
  Eustachio (D:6)
  Menkaure (D:5)
  An acid dragon (D:8)
  4 water moccasins
  A swamp drake (D:4)
  2 orc warriors
  3 ice beasts (D:8)
  An ogre (D:5)
  3 wolves (D:8)
  A phantom (D:6)
  Blork the orc (D:5)
  2 bullfrogs (D:7)
  A gnoll sergeant (D:7)
  9 scorpions
  2 jellies
  A hound (D:6)
  An orc priest (D:7)
  3 gnoll boudas
  An iguana (D:5)
  2 sleepcaps
  3 orc wizards
  16 gnolls
  12 adders
  2 shadow imps
  3 white imps
  A worm (D:3)
  3 dart slugs
  15 orcs
  6 bats
  6 endoplasms
  4 giant cockroaches
  13 goblins
  5 hobgoblins
  2 jackals (D:1)
  2 kobolds
  3 quokkas
  5 ball pythons
  3 frilled lizards
  4 rats
155 creatures vanquished.

Notes
Turn   | Place    | Note
-------+----------+-------------------------------------------
     0 | D:1      | Armakuni the Human Shapeshifter began the quest for the
                  | Orb.
     0 | D:1      | Reached XP level 1. HP: 15/15 MP: 1/1
   118 | D:1      | Reached XP level 2. HP: 21/21 MP: 2/2
   751 | D:2      | Reached XP level 3. HP: 9/26 MP: 3/3
   917 | D:2      | Reached skill level 1 in Staves
  1048 | D:2      | Reached XP level 4. HP: 29/32 MP: 4/4
  1190 | D:2      | Reached skill level 2 in Staves
  1648 | D:3      | Reached skill level 3 in Staves
  1690 | D:3      | Reached XP level 5. HP: 37/37 MP: 5/5
  1815 | D:3      | Found Egudaet's One-of-a-Kind Rings.
  2169 | D:3      | Found a faded altar of an unknown god.
  2334 | D:3      | Found a glowing silver altar of Zin.
  2823 | D:4      | Reached skill level 4 in Staves
  2834 | D:4      | Found an ancient bone altar of Kikubaaqudgha.
  2844 | D:4      | Reached XP level 6. HP: 29/43 MP: 6/6
  2852 | D:4      | Reached skill level 5 in Staves
  3195 | D:4      | Noticed Edmund
  3198 | D:4      | Edmund changed into Edmund the swamp drake
  3198 | D:4      | Noticed Edmund
  3199 | D:4      | Gained mutation: You passively dampen the noise of your
                  | surroundings. [potion of mutation]
  3199 | D:4      | Gained mutation: You are agile. (Dex +4, Str/Int -1)
                  | [potion of mutation]
  3199 | D:4      | Gained mutation: A frigid envelope surrounds you and
                  | freezes all who hurt you. [potion of mutation]
  3207 | D:4      | Killed Edmund the swamp drake
  3208 | D:4      | Reached skill level 6 in Staves
  3208 | D:4      | Reached XP level 7. HP: 43/48 MP: 7/7
  3241 | D:4      | Found a bloodstained altar of Trog.
  3617 | D:5      | Entered Level 5 of the Dungeon
  3635 | D:5      | Found Doqe Big's Assorted Antiques.
  3665 | D:5      | Noticed a water moccasin
  3668 | D:5      | Killed a water moccasin
  3669 | D:5      | Reached skill level 7 in Staves
  4043 | D:5      | Learned a level 4 spell: Iskenderun's Mystic Blast
  4134 | D:5      | Reached XP level 8. HP: 54/54 MP: 8/8
  4166 | D:5      | Reached skill level 8 in Staves
  4416 | D:5      | Noticed Menkaure
  4418 | D:5      | Killed Menkaure
  4462 | D:5      | Reached skill level 9 in Staves
  4754 | D:5      | Noticed Blork the orc
  4764 | D:5      | Killed Blork the orc
  5322 | D:6      | Reached skill level 10 in Staves
  5322 | D:6      | Reached XP level 9. HP: 42/59 MP: 9/9
  5392 | D:6      | Found a staircase to the Ecumenical Temple.
  5421 | Temple   | Entered the Ecumenical Temple
  5481 | Temple   | Became a worshipper of Vehumet
  5553 | D:6      | Noticed Eustachio
  5574 | D:6      | Killed Eustachio
  5791 | D:6      | Reached skill level 11 in Staves
  5826 | D:6      | Learned a level 2 spell: Searing Ray
  7035 | D:7      | Reached skill level 12 in Staves
  7345 | D:7      | Noticed a two-headed ogre
  7351 | D:7      | Killed a two-headed ogre
  7352 | D:7      | Reached XP level 10. HP: 65/65 MP: 10/10
  7562 | D:7      | Reached skill level 13 in Staves
  7628 | D:7      | Reached * piety under Vehumet
  7628 | D:7      | Offered knowledge of Freeze by Vehumet.
  7794 | D:8      | Found an opulent altar of Gozag.
  8588 | D:8      | Noticed a rime drake
  8613 | D:8      | Killed a rime drake
  8767 | D:8      | Identified the +8 mace of the Iron City of Dis {freeze, rF+
                  | rN+ MP+9 Str+3}
  8806 | D:8      | Found a staircase to the Lair.
  8815 | Gauntlet | Identified the "Xatz"
  8815 | Lair:1   | Entered Level 1 of the Lair of Beasts
  8815 | Lair:1   | Noticed a cane toad
  8815 | Lair:1   | Noticed a cane toad
  8827 | D:8      | Reached skill level 14 in Staves
  9139 | D:8      | Noticed Maggie
  9155 | D:8      | Killed Maggie
  9231 | Lair:1   | Noticed a rime drake
  9233 | Lair:1   | HP: 3/72 [poisoned by a cane toad]
  9234 | Lair:1   | HP: 1/72 [poisoned by a cane toad]
  9236 | Lair:1   | Succumbed to a cane toad's poison

Illustrated notes

Levels and vault maps discovered:
D:1:      spicycebolla_green_bress_n_ham_2, layout_loops_cross,
          minmay_curled_crystal
D:2:      layout_basic, minmay_diced_spiral
D:3:      layout_basic, zin_scriptorium,
          hellmonk_ecumenical_altar_leap_of_faith, nicolae_shop_unique_rings,
          st_stairs_14
D:4:      layout_cave_pools, trog_three_pillars_becter,
          mainiacjoe_overflow_chevrons, uniq_edmund
D:5:      nicolae_cairo_tiling_very_big, layout_basic, serial_curves,
          eino_curves_03, eino_curves_03, serial_shops, shop, uniq_menkaure,
          uniq_blork_the_orc
D:6:      layout_basic, minmay_temple_entry_trees, uniq_eustachio
D:7:      layout_basic, serial_glass, glass_columns_a, glass_columns_b
D:8:      layout_basic, mainiacjoe_overflow_tiny_flanked,
          hellmonk_lair_entry_icy, uniq_maggie
Temple:   sentei_temple_godly_chess
Lair:1:   layout_gridlike, nzn_ghost_randoct, nicolae_volcano_entry_two_sided,
          gauntlet_entry_generic, chequers_serial_rivers_room_b,
          serial_bayou_pond_e, lemuel_fruit_tree

Skill      XL: |  1  2  3  4  5  6  7  8  9 10 |
---------------+-------------------------------+-----
Staves         | 1 3 4 6 7 10 12 14 | 14.0
Fighting       | 4 |  4.3
Dodging        | |  2.0
Unarmed Combat | |  3.0
Shapeshifting  | |  3.9

Action                     |  1- 3 |  4- 6 |  7- 9 | 10-12 || total
---------------------------+-------+-------+-------+-------++-------
  Melee: Unarmed           |    83 |       |       |       ||    83
         Punch             |     1 |       |       |       ||     1
         Quarterstaff      |       |   116 |   157 |    85 ||   358
  Throw: Throwing net      |       |       |     2 |     5 ||     7
  Evoke: Wand              |     1 |     6 |    21 |     2 ||    30
    Use: Scroll            |     4 |     5 |     5 |     2 ||    16
         Potion            |     1 |     3 |     2 |     3 ||     9
   Stab: Sleeping          |       |     1 |       |       ||     1
         Distracted        |       |     1 |       |       ||     1
         Held in net/web   |       |       |     1 |     4 ||     5
 Armour: Animal skin       |    46 |    71 |    93 |    16 ||   226
         Skin              |       |    13 |       |       ||    13
         Acid dragon scale |       |       |       |    40 ||    40
         Swamp dragon scal |       |       |       |     5 ||     5
  Dodge: Dodged            |    49 |    70 |    91 |    39 ||   249
   Form: Beast             |       |     3 |     2 |       ||     5
                           |       |     2 |     2 |       ||     4

Table legend: (Time is in decaauts)
 A = Elapsed time spent in this place.
 B = Non-inter-level travel time spent in this place.
 C = Inter-level travel time spent in this place.
 D = Time resting spent in this place.
 E = Time spent auto-exploring this place.
 F = Levels seen in this place.
 G = Mean time per level.
                   A        B        C        D        E       F      G
               +--------+--------+--------+--------+--------+-----+--------+
         Total |   9194 |   8936 |    258 |   2143 |   4825 |  10 |  919.4 |
       Dungeon |   9118 |   8863 |    255 |   2099 |   4825 |   8 | 1139.8 |
        Temple |     64 |     61 |      3 |     44 |      0 |   1 |   64.0 |
          Lair |     10 |     10 |      0 |      0 |      0 |   1 |   10.0 |
               +--------+--------+--------+--------+--------+-----+--------+

Top non-repeatable levels by time:
     D:5: 1919 daAuts
     D:7: 1577 daAuts
     D:3: 1162 daAuts
     D:6: 1106 daAuts
     D:8: 884 daAuts
     D:2: 846 daAuts
     D:4: 827 daAuts
     D:1: 794 daAuts
  Temple: 64 daAuts
  Lair:1: 10 daAuts
